 Dungeon Crawl Stone Soup version 0.18.1-5-g4a78601 (webtiles) character file.

8535 mopl the Covert (level 11, 0/61 HPs)
             Began as a High Elf Enchanter on May 11, 2016.
             Was an Elder of Dithmenos.
             Slain by an unseen horror (8 damage)
             ... on level 10 of the Dungeon.
             The game lasted 00:22:44 (10249 turns).

mopl the Covert (High Elf Enchanter)               Turns: 10249, Time: 00:22:46

Health: 0/61       AC:  4    Str:  7    XL:     11   Next: 11%
Magic:  18/18      EV: 13    Int: 21    God:    Dithmenos [****..]
Gold:   448        SH:  0    Dex: 18    Spells: 7 memorised, 4 levels left

rFire  . . .     SeeInvis .     a - +2 dagger (venom)
rCold  + + .     Gourm    .     G - +1 robe {rC+ rF+}
rNeg   . . .     Faith    .     (no shield)
rPois  .         Spirit   .     (no helmet)
rElec  .         Dismiss  .     Y - +2 cloak {+Inv}
rCorr  .         Reflect  .     h - +0 pair of gloves
SustAt .         Harm     .     (no boots)
MR     +....                    R - amulet of magic regeneration
Stlth  ++++++++..               T - ring of ice
                                H - -3 ring of protection (curse)

@: wreathed by umbra, somewhat resistant to hostile enchantments,
extraordinarily stealthy
A: no striking features
a: Shadow Step, Renounce Religion, Evoke Invisibility


You were on level 10 of the Dungeon.
You worshipped Dithmenos.
Dithmenos was greatly pleased with you.
You were hungry.

You visited 3 branches of the dungeon, and saw 12 of its levels.

You collected 448 gold pieces.

Inventory:

Hand Weapons
 a - a +2 dagger of venom (weapon)
 b - a +0 blowgun
Missiles
 n - 24 poisoned needles
Armour
 h - a +0 pair of gloves (worn)
 G - a +1 robe of resistance (worn)
 P - a +0 buckler
 Y - a +2 cloak of invisibility (worn)
Jewellery
 H - a cursed -3 ring of protection (left hand)
 R - an amulet of magic regeneration (around neck)
 T - a ring of ice (right hand)
 W - an uncursed ring of flight
Wands
 c - a wand of slowing (30/48)
 C - a wand of iceblast (10/15)
 K - a wand of acid (9/15)
 N - a wand of lightning (7/15)
Scrolls
 f - a scroll of identify {unknown}
 j - a scroll of brand weapon {unknown}
Potions
 e - 2 potions of resistance {unknown}
 g - a potion of might {unknown}
 r - 2 potions of degeneration {unknown}
 w - 3 potions of magic {unknown}
 x - a potion of cure mutation {unknown}
 z - 2 potions of mutation {unknown}
 A - 2 potions of brilliance {unknown}
 D - a potion of haste {unknown}
 E - 2 potions of heal wounds {unknown}
 F - a potion of lignification {unknown}
 I - 2 potions of curing {unknown}
 L - a potion of invisibility {unknown}
 M - a potion of berserk rage {unknown}
 O - a potion of agility {unknown}
 V - a potion of cancellation {unknown}
Miscellaneous
 y - a phantom mirror
 S - a plain deck of escape
Comestibles
 d - 4 bread rations
 i - a beef jerky


   Skills:
 + Level 8.6 Short Blades
 - Level 1.4 Throwing
 - Level 2.1 Dodging
 * Level 12.2 Stealth
 - Level 4.0 Spellcasting
 * Level 10.7 Hexes
 - Level 3.0 Ice Magic
 * Level 4.1 Evocations


You had 4 spell levels left.
You knew the following spells:

 Your Spells              Type           Power        Failure   Level  Hunger
a - Apportation           Tloc           #.........   12%         1    None
b - Ensorcelled Hibernat  Hex/Ice        #####.       1%          2    #......
c - Confuse               Hex            #####...     1%          3    ###....
d - Tukima's Dance        Hex            #####...     1%          3    ###....
f - Corona                Hex            #####..      1%          1    None
g - Dazzling Spray        Conj/Hex       ####....     4%          3    ###....
x - Animate Skeleton      Necr           N/A          12%         1    None


Dungeon Overview and Level Annotations

Branches:
Dungeon (10/15)            Temple (1/1) D:4            Lair (1/8) D:9
    Orc: D:9-12

Altars:
Ashenzari
Cheibriados
Dithmenos
Elyvilon
Fedhas
Gozag
Kikubaaqudgha
Makhleb
Nemelex Xobeh
Okawaru
Pakellas
Qazlal
Ru
Sif Muna
Trog
Vehumet
Xom
Yredelemnul
Zin
The Shining One

Shops:
D:5 [   D:7 [


Message History

The gnoll is almost dead.
Your shadow barely misses the gnoll.
You kill the gnoll!
Dithmenos accepts your kill. Something hits you.
You are too injured to fight recklessly!
Something hits you!
Things that are here:
a flail of crushing; a gnoll corpse You butcher the gnoll corpse.
Something hits you but does no damage.
Things that are here:
a flail of crushing; 4 chunks of flesh; a gnoll skeleton You start resting.
Something hits you but does no damage. Something hits you!
* * * LOW HITPOINT WARNING * * *
There is an open door here.
Something hits you.
* * * LOW HITPOINT WARNING * * *
Something is blocking the doorway!
Something hits you!
You die...

#...........#..........#
#...........#..........#
#..........#######'#####
###+######## #.## #..#
##.# ######'##
#####)......#
#..@'.......+
+...###.......# ###
#.......# #.......#
#.......# #########


There were no monsters in sight!

Vanquished Creatures
  A hill giant (D:10)
  Maurice (D:8)
  The ghost of inmateoo the Insei, a novice TeTm of Cheibriados (D:5)
  A gargoyle (D:9)
  Prince Ribbit (D:8)
  2 two-headed ogres
  3 yaks (D:9)
  2 wyverns
  Grum (D:8)
  2 hungry ghosts (D:7)
  Menkaure (D:5)
  A hippogriff (D:10)
  A water moccasin (D:6)
  3 orc warriors
  Duvessa (D:5)
  2 phantoms
  2 black bears (D:7)
  An ice beast (D:5)
  An eye of draining (D:9)
  5 ogres
  3 centaurs
  4 wolves (D:8)
  11 giant frogs
  2 big kobolds
  Blork the orc (D:4)
  A gnoll sergeant (D:10)
  A wyvern zombie (D:8)
  Dowan (D:5)
  4 scorpions
  6 killer bees (D:10)
  A howler monkey (D:6)
  4 wights
  7 crimson imps
  3 centaur zombies
  A giant frog zombie (D:8)
  A quasit (D:8)
  5 hounds
  6 jellies
  A giant frog skeleton (D:6)
  A gnoll shaman (D:6)
  3 orc priests
  A centaur skeleton (D:9)
  Jessica (D:2)
  An iguana (D:6)
  7 orc wizards
  4 worker ants
  A killer bee zombie (D:7)
  3 hound skeletons
  A howler monkey zombie (D:6)
  3 gnolls (D:10)
  9 adders
  A howler monkey skeleton (D:5)
  2 shadow imps (D:5)
  An ooze (D:2)
  An adder skeleton (D:8)
  A worm (D:2)
  2 dart slugs
  8 giant geckos
  21 orcs
  2 ball pythons
  6 bats
  5 giant cockroaches
  10 goblins
  6 hobgoblins
  15 jackals
  7 kobolds
  4 quokkas
  A giant gecko skeleton (D:5)
  2 giant newts
  6 rats
  A fungus (D:8)
233 creatures vanquished.

Vanquished Creatures (collateral kills)
  A wight (D:8)
1 creature vanquished.

Vanquished Creatures (others)
  A hill giant (D:6)
  A giant frog (D:6)
  A quasit (D:6)
  A hound (D:6)
  An adder (D:6)
5 creatures vanquished.

Grand Total: 239 creatures vanquished

Notes
Turn   | Place    | Note
--------------------------------------------------------------
     0 | D:1      | mopl the High Elf Enchanter began the quest for the Orb.
     0 | D:1      | Reached XP level 1. HP: 11/11 MP: 4/4
   355 | D:1      | Reached XP level 2. HP: 13/17 MP: 6/6
   368 | D:1      | Learned a level 2 spell: Ensorcelled Hibernation
   730 | D:1      | Reached skill level 3 in Spellcasting
   820 | D:1      | Reached XP level 3. HP: 21/21 MP: 8/8
   940 | D:2      | Reached skill level 4 in Stealth
  1244 | D:2      | Noticed Jessica
  1254 | D:2      | Killed Jessica
  1254 | D:2      | Reached skill level 2 in Short Blades
  1254 | D:2      | Reached XP level 4. HP: 14/27 MP: 0/9
  1339 | D:2      | Learned a level 3 spell: Confuse
  1343 | D:2      | Learned a level 3 spell: Tukima's Dance
  1467 | D:2      | Reached skill level 1 in Ice Magic
  1736 | D:3      | Found a snail-covered altar of Cheibriados.
  1809 | D:3      | Found a basalt altar of Yredelemnul.
  1811 | D:3      | Found a glowing golden altar of the Shining One.
  1816 | D:3      | Found an opulent altar of Gozag.
  1817 | D:3      | Found a bloodstained altar of Trog.
  1817 | D:3      | Found a stormy altar of Qazlal.
  1821 | D:3      | Found a blossoming altar of Fedhas.
  2429 | D:4      | Reached XP level 5. HP: 31/31 MP: 10/10
  2480 | D:4      | Reached skill level 4 in Hexes
  2506 | D:4      | Reached skill level 5 in Stealth
  2619 | D:4      | Found a staircase to the Ecumenical Temple.
  2628 | Temple   | Entered the Ecumenical Temple
  2789 | Temple   | Became a worshipper of Dithmenos the Shadowed
  2919 | D:4      | Reached XP level 6. HP: 14/36 MP: 12/12
  2936 | D:4      | Reached skill level 2 in Ice Magic
  2975 | D:4      | Reached skill level 3 in Short Blades
  2996 | D:4      | Learned a level 3 spell: Dazzling Spray
  3090 | D:4      | Noticed Blork the orc
  3157 | D:4      | Killed Blork the orc
  3157 | D:4      | Reached skill level 4 in Spellcasting
  3302 | D:5      | Entered Level 5 of the Dungeon
  3356 | D:5      | Learned a level 1 spell: Apportation
  3419 | D:5      | Reached * piety under Dithmenos
  3433 | D:5      | Reached skill level 5 in Hexes
  3458 | D:5      | Found Vietoij's Antique Armour Boutique.
  3460 | D:5      | Noticed inmateoo's ghost (novice TeTm)
  3615 | D:4      | Reached XP level 7. HP: 34/41 MP: 14/14
  3673 | D:5      | Killed inmateoo's ghost
  3673 | D:5      | Reached skill level 4 in Short Blades
  3673 | D:5      | Reached skill level 6 in Stealth
  3723 | D:5      | Noticed Menkaure
  3734 | D:5      | Killed Menkaure
  3799 | D:5      | Reached skill level 6 in Hexes
  3965 | D:5      | Noticed Duvessa
  3968 | D:5      | Killed Duvessa
  3968 | D:5      | Reached skill level 3 in Ice Magic
  3968 | D:5      | Reached XP level 8. HP: 46/46 MP: 15/15
  3969 | D:5      | Noticed Dowan
  3977 | D:5      | Killed Dowan
  3977 | D:5      | Reached skill level 7 in Stealth
  4160 | D:6      | Killed a hill giant
  4260 | D:6      | Reached skill level 5 in Short Blades
  4368 | D:6      | Found a shimmering altar of Xom.
  4588 | D:6      | Reached skill level 7 in Hexes
  4610 | D:6      | Reached skill level 8 in Stealth
  4907 | D:6      | Reached skill level 6 in Short Blades
  4927 | D:6      | Reached XP level 9. HP: 51/51 MP: 16/16
  5342 | D:6      | Reached skill level 9 in Stealth
  5425 | D:6      | Reached skill level 8 in Hexes
  5718 | D:7      | Reached ** piety under Dithmenos
  5755 | D:7      | Found Ycienien's Antique Armour Boutique.
  5830 | D:7      | Reached skill level 7 in Short Blades
  5961 | D:7      | Reached skill level 10 in Stealth
  6397 | D:7      | Reached skill level 9 in Hexes
  7150 | D:8      | Noticed Prince Ribbit
  7151 | D:8      | Noticed Maurice
  7180 | D:8      | Killed Prince Ribbit
  7324 | D:8      | Killed Maurice
  7324 | D:8      | Reached XP level 10. HP: 27/56 MP: 17/17
  7624 | D:7      | Reached skill level 1 in Throwing
  7923 | D:8      | Reached skill level 11 in Stealth
  7932 | D:8      | Reached *** piety under Dithmenos
  8059 | D:8      | Noticed Grum
  8122 | D:8      | Reached skill level 1 in Evocations
  8131 | D:8      | Killed Grum
  8398 | D:8      | Reached skill level 8 in Short Blades
  8414 | D:8      | Found a sacrificial altar of Ru.
  8456 | D:8      | Reached skill level 10 in Hexes
  8495 | D:9      | Reached skill level 2 in Evocations
  8508 | D:9      | Learned a level 1 spell: Animate Skeleton
  8778 | D:9      | Reached skill level 3 in Evocations
  8828 | D:9      | Found a staircase to the Lair.
  8837 | Lair:1   | Entered Level 1 of the Lair of Beasts
  9160 | D:9      | Noticed a gargoyle
  9441 | D:9      | Killed a gargoyle
  9631 | D:10     | Entered Level 10 of the Dungeon
  9631 | D:10     | Noticed a hill giant
  9641 | D:10     | Killed a hill giant
  9641 | D:10     | Reached skill level 12 in Stealth
  9641 | D:10     | Reached XP level 11. HP: 61/61 MP: 18/18
  9993 | D:10     | Reached skill level 4 in Evocations
 10013 | D:10     | Reached **** piety under Dithmenos
 10065 | D:10     | Noticed a hill giant
 10249 | D:10     | Slain by an unseen horror

Skill      XL: |  1  2  3  4  5  6  7  8  9 10 11 |
---------------+----------------------------------+-----
Spellcasting   | 3 4 |  4.0
Stealth        | 4 5 6 8 10 12 | 12.2
Short Blades   | 2 3 4 6 7 8 |  8.6
Ice Magic      | 1 2 3 |  3.0
Hexes          | 4 5 6 7 9 10 | 10.7
Throwing       | 1 |  1.4
Evocations     | 3 4 |  4.1
Dodging        | |  2.1

Action                   |  1- 3 |  4- 6 |  7- 9 | 10-12 || total
-------------------------+-------+-------+-------+-------++-------
Melee: Dagger            |   149 |   129 |   244 |   159 ||   681
 Cast: Corona            |     1 |       |       |       ||     1
       Ensorcelled Hiber |    13 |    35 |    59 |    39 ||   146
       Confuse           |       |     8 |    17 |     9 ||    34
       Tukima's Dance    |       |     1 |       |     8 ||     9
       Apportation       |       |       |       |     2 ||     2
 Abil: Evoke Invisibilit |       |       |       |     6 ||     6
 Stab: Sleeping          |    12 |    33 |    45 |    46 ||   136
       Confused          |       |     1 |    22 |     5 ||    28
       Distracted        |       |     1 |       |     2 ||     3
       Invisible         |       |       |       |     1 ||     1
  Eat: Chunk             |     2 |     9 |    14 |    15 ||    40
Armor: Robe              |    63 |    31 |    17 |    17 ||   128
Dodge: Dodged            |   106 |    71 |   153 |    94 ||   424
